Map: Acropolis LE

Players

MaliCiouS - Winner!

  • Race: Zerg Zerg
  • League: Platinum
  • Spawn Location: 5:00

SteazyD

  • Race: Terran Terran
  • League: Platinum
  • Spawn Location: 11:00

VOD

Have the link to the VOD?

Description

Time

  • Played on: May 29, 2019, 2:02 a.m.
  • Length: 25:05
Show
View Real Time Build Order
Export as new Build Order

MaliCiouS Zerg - Winner!

Build Orders: Hatch First 

Get SALT Encoding   

  12  0:01  Drone  
  13  0:12  Overlord  
  13  0:28  Drone  
  13  0:32  Drone x2  
  16  1:07  Drone x2, Hatchery  
  16  1:08  Drone  
  18  1:12  Extractor  
  17  1:53  Drone x3  
  20  2:00  Spawning Pool  
  18  2:21  Drone x2  
  19  2:45  Drone x2  
  19  2:47  Queen  
  21  3:02  Zergling x4  
  22  3:06  Queen  
  22  3:10  Drone x4  
  28  3:21  Metabolic Boost  
  28  3:23  Roach Warren  
  28  3:25  Queen  
  28  3:26  Extractor  
  28  3:49  Hatchery  
  28  3:50  Overlord x2  
  28  3:55  Drone  
  28  4:08  Queen, Roach x2  
  28  4:09  Roach  
  36  4:23  Drone x4  
  38  4:55  Drone x2  
  38  4:56  Drone x4  
  44  5:06  Drone x5  
  49  5:07  Evolution Chamber  
  49  5:10  Evolution Chamber  
  41  5:33  Drone x3  
  41  5:34  Drone x2  
  46  5:41  Roach x2  
  50  5:44  Overlord  
  50  6:02  Queen  
  50  6:03  Spore Crawler  
  51  6:06  Drone x4  
  55  6:13  Roach  
  55  6:14  Drone  
  55  6:15  Spore Crawler  
  57  6:27  Drone  
  57  6:29  Overlord x2  
  58  6:34  Lair  
  58  6:41  Overlord x2  
  58  6:47  Spore Crawler  
  58  6:51  Roach x4  
  58  6:52  Drone x2  
  67  6:57  Extractor  
  67  6:58  Zerg Missile Weapons Level 1  
  66  7:08  Drone x4  
  66  7:15  Drone x5  
  70  7:21  Drone x2  
  73  7:24  Extractor  
  73  7:25  Drone  
  73  7:39  Drone x3  
  73  7:40  Drone x3  
  79  7:53  Spire  
  79  7:55  Drone x5  
  83  8:08  Extractor  
  82  8:15  Overlord x4  
  82  8:20  Zerg Ground Armor Level 1  
  62  8:35  Roach  
  62  8:36  Roach x5  
  62  8:37  Zergling x12  
  80  8:49  Baneling Nest  
  80  8:50  Pneumatized Carapace, Extractor  
  80  8:53  Hatchery  
  80  8:54  Glial Reconstitution  
  77  8:56  Roach x5  
  77  9:01  Drone x3  
  90  9:27  Corruptor x3, Mutalisk x4  
  104  9:36  Overlord x2  
  104  9:37  Drone  
  104  9:38  Drone  
  106  9:43  Extractor  
  105  9:58  Zergling x12  
  111  10:00  Baneling Nest  
  110  10:09  Corruptor x4  
  110  10:12  Zergling x12  
  122  10:28  Baneling x9  
  118  10:30  Zergling x2  
  118  10:41  Overlord  
  118  10:42  Overlord x2  
  100  10:53  Roach  
  100  10:54  Roach x7  
  100  10:55  Roach x2  
  95  11:02  Roach x3  
  95  11:03  Roach, Zergling x8  
  105  11:13  Zergling x12  
  109  11:21  Corruptor x2  
  108  11:26  Zergling x2  
  108  11:27  Zergling x6  
  108  11:30  Drone x2  
  110  11:38  Zergling x4  
  110  11:39  Zergling x2  
  112  11:44  Zergling x6  
  115  12:06  Zergling x8  
  119  12:08  Baneling x3  
  119  12:09  Baneling x7  
  119  12:10  Corruptor x2  
  119  12:13  Drone x2  
  119  12:14  Drone x3  
  128  12:16  Drone x2  
  128  12:21  Centrifical Hooks  
  130  12:31  Hatchery  
  129  12:43  Zerg Flyer Armor Level 1  
  113  13:08  Zergling x12  
  113  13:09  Zergling x10  
  113  13:11  Roach x2  
  113  13:12  Roach x2  
  130  13:17  Zergling x12  
  136  13:32  Drone x2  
  136  13:33  Overlord x3  
  138  13:54  Zergling x6  
  138  13:55  Mutalisk, Zergling x4  
  143  13:56  Roach x7  
  159  14:03  Queen  
  159  14:04  Queen  
  159  14:07  Drone x3  
  159  14:08  Drone  
  167  14:11  Extractor  
  167  14:15  Roach  
  168  14:17  Overlord x2  
  168  14:21  Infestation Pit  
  167  15:05  Roach x5, Mutalisk  
  167  15:06  Roach, Mutalisk  
  178  15:29  Overlord x3  
  178  15:30  Overlord x2  
  178  15:34  Zerg Missile Weapons Level 2  
  178  15:35  Zerg Ground Armor Level 2  
  176  15:39  Overlord x2  
  176  15:40  Overlord  
  175  15:52  Hive  
  175  15:56  Zergling x12  
  175  15:57  Zergling x2  
  182  16:03  Hydralisk Den  
  181  16:09  Roach x5  
  181  16:10  Roach, Zergling x6  
  181  16:11  Zergling x10  
  145  16:19  Overseer x3  
  145  16:20  Overseer x2  
  145  16:21  Roach x7  
  145  16:22  Roach  
  153  16:31  Zergling x2  
  153  16:32  Zergling x12  
  150  16:45  Corruptor x4  
  150  16:46  Hydralisk x7  
  150  16:47  Hydralisk  
  168  16:51  Drone x2  
  168  16:52  Drone x2  
  178  17:12  Corruptor x2  
  178  17:13  Corruptor x4  
  190  17:18  Drone x2, Zergling x4  
  170  17:37  Zergling x4  
  142  17:45  Zergling x12  
  142  17:50  Baneling x3  
  142  17:51  Baneling x6  
  147  18:09  Greater Spire  
  147  18:10  Corruptor x2  
  147  18:11  Corruptor x2  
  155  18:18  Zergling x12  
  161  18:20  Baneling x5  
  161  18:21  Baneling x4  
  161  18:27  Hatchery  
  161  18:28  Extractor  
  155  18:45  Zergling x16  
  155  18:46  Zergling x26  
  149  18:50  Zergling x2  
  149  18:51  Zergling x6  
  134  18:57  Zergling x8  
  134  19:01  Zergling x6  
  130  19:12  Roach x3  
  134  19:23  Adrenal Glands  
  132  19:28  Brood Lord x3  
  138  19:35  Overseer x4  
  138  19:37  Drone  
  139  19:41  Brood Lord  
  141  19:57  Drone x5  
  146  20:02  Hydralisk x5  
  146  20:03  Extractor  
  146  20:04  Extractor  
  154  20:10  Baneling x5  
  154  20:12  Drone  
  154  20:13  Drone x3  
  158  20:31  Hydralisk x5  
  158  20:32  Hydralisk  
  169  20:46  Zergling x6  
  169  20:47  Roach x4  
  175  21:26  Overlord x2  
  175  21:28  Hydralisk, Hatchery  
  175  21:29  Hydralisk x6  
  175  21:31  Baneling  
  188  21:33  Baneling x6  
  188  21:35  Hatchery  
  189  22:02  Hydralisk x4  
  135  22:40  Roach x4  
  135  22:41  Roach x3  
  135  22:42  Zergling x12  
  136  22:53  Brood Lord x4  
  136  22:54  Brood Lord x2  
  136  22:56  Corruptor  
  152  23:01  Zergling x2  
  152  23:02  Zergling x10  
  124  23:23  Hydralisk x6  
  142  23:27  Roach x5  
  142  23:28  Overlord, Infestor  
  148  23:38  Hydralisk  
  148  23:39  Hydralisk x2  
  150  23:45  Zergling x2  
  150  23:46  Zergling x10  
  154  23:57  Hydralisk x3  
  154  23:58  Roach x4  
  168  24:06  Zergling x6  
  168  24:07  Zergling x4  
Show
View Real Time Build Order
Export as new Build Order

SteazyD Terran 

Build Orders: Liberator Opening, Reaper Expand 

Get SALT Encoding   

  12  0:00  SCV  
  13  0:13  SCV  
  14  0:17  Supply Depot  
  14  0:25  SCV  
  15  0:38  SCV  
  15  0:39  Barracks  
  16  0:47  Refinery  
  16  0:53  SCV  
  17  1:06  SCV  
  18  1:32  Reaper  
  19  1:35  Command Center  
  19  1:36  Orbital Command  
  19  2:03  SCV  
  19  2:06  Barracks Reactor  
  19  2:07  Supply Depot  
  20  2:16  SCV  
  20  2:19  Refinery  
  21  2:28  SCV  
  22  2:30  Factory  
  22  2:42  Marine  
  22  2:43  Marine  
  24  2:44  SCV  
  25  2:52  Orbital Command  
  25  2:57  Supply Depot  
  25  3:12  Barracks Tech Lab  
  25  3:18  Starport  
  25  3:24  Hellion x2  
  25  3:26  SCV x2  
  31  3:33  Marine  
  31  3:38  SCV x2  
  33  3:42  Liberator  
  33  3:46  Hellion x2  
  37  3:50  SCV  
  38  4:00  Marine  
  42  4:03  SCV x2  
  42  4:05  Stimpack  
  44  4:13  Refinery, Hellion x2  
  44  4:15  SCV x2  
  50  4:24  Marine  
  50  4:27  SCV  
  50  4:30  Supply Depot  
  52  4:39  SCV  
  52  4:44  Starport Reactor  
  53  4:46  Barracks  
  53  4:48  Factory Tech Lab  
  53  4:51  Command Center  
  53  4:57  Marine  
  54  5:18  Siege Tank  
  54  5:20  Marauder  
  59  5:22  Medivac  
  61  5:33  Command Center  
  61  5:36  Medivac  
  61  5:37  Supply Depot x2  
  60  5:48  Marine  
  61  5:50  Marine  
  61  5:56  Supply Depot  
  62  5:58  Marine  
  62  5:59  Liberator  
  62  6:01  SCV x2  
  65  6:05  Combat Shield  
  65  6:07  Marine  
  66  6:14  Siege Tank  
  66  6:16  Marine  
  73  6:19  Marine  
  73  6:21  SCV  
  73  6:23  SCV  
  76  6:31  Supply Depot  
  76  6:35  Medivac  
  78  6:40  SCV x2  
  78  6:46  SCV x2  
  82  6:52  Siege Tank  
  85  6:58  Marine  
  86  7:11  Liberator  
  84  7:17  Refinery  
  84  7:19  Orbital Command  
  84  7:27  Siege Tank  
  84  7:29  SCV x2  
  92  7:32  Marine x2  
  92  7:36  Engineering Bay  
  94  7:41  SCV x2  
  96  7:44  SCV  
  97  7:53  SCV x2  
  97  7:54  Supply Depot  
  97  7:55  Supply Depot  
  97  7:56  SCV  
  101  8:05  SCV x2  
  101  8:08  Supply Depot x2, SCV  
  103  8:14  Engineering Bay  
  103  8:18  Terran Infantry Weapons Level 1  
  103  8:20  Supply Depot  
  101  8:32  Planetary Fortress  
  101  8:40  Armory  
  101  8:42  Supply Depot  
  101  8:43  Supply Depot  
  101  8:47  SCV, Barracks  
  101  8:48  SCV x2, Barracks  
  104  8:50  Barracks  
  104  8:52  Refinery  
  104  8:54  Refinery  
  104  8:58  Liberator x2  
  104  9:00  SCV x3  
  107  9:12  SCV x3  
  107  9:13  Siege Tank, Infernal Pre-Igniter  
  107  9:15  Marine  
  107  9:16  Marine x2  
  122  9:21  Starport  
  122  9:23  SCV  
  123  9:29  Barracks  
  123  9:32  Terran Vehicle And Ship Armor Level 1, Marine  
  123  9:34  Terran Infantry Armor Level 1  
  123  9:36  Barracks Reactor  
  123  9:37  Barracks Tech Lab, Barracks Reactor  
  124  9:42  Ghost Academy  
  124  9:47  Marine x2  
  124  9:48  Siege Tank  
  124  9:50  Marine  
  130  9:57  Marine, Barracks  
  130  9:59  Barracks  
  85  10:00  Liberator x2  
  131  10:04  Marine  
  131  10:05  Marine  
  133  10:08  Marine  
  131  10:15  Marine  
  131  10:16  Starport Tech Lab  
  131  10:20  Siege Tank  
  133  10:41  Marine x4  
  134  10:45  Raven  
  134  10:49  Barracks Tech Lab, Fusion Core, Barracks Reactor  
  112  10:59  Ghost, Liberator  
  101  11:14  Marine x3  
  101  11:15  Siege Tank  
  99  11:28  Marine  
  99  11:32  Marine x3  
  95  11:36  Marine x2, Barracks Reactor  
  95  11:38  Ghost  
  95  11:43  Terran Infantry Weapons Level 2  
  95  11:45  Marine  
  93  11:49  Marine  
  93  11:50  Marine x2  
  93  11:53  Marine  
  94  11:54  Marine, Concussive Shells  
  95  12:03  Marine  
  95  12:07  Marine x3  
  95  12:08  Personal Cloaking, Marine  
  100  12:09  Terran Infantry Armor Level 2, Marine x4  
  100  12:11  Marine, Terran Vehicle And Ship Armor Level 2  
  100  12:12  Marine  
  100  12:14  Marine x2  
  109  12:21  Marine  
  109  12:24  Marine  
  109  12:25  Marine x2  
  109  12:27  Marine  
  113  12:32  SCV x3  
  113  12:33  Orbital Command  
  116  12:40  Supply Depot  
  116  12:41  Supply Depot  
  116  12:42  Supply Depot x2  
  116  12:43  Supply Depot  
  116  12:44  Ghost x2, SCV x2, Marine x5  
  117  12:45  Ghost  
  117  12:49  Medivac  
  117  12:50  SCV  
  132  12:56  SCV  
  129  13:00  Refinery  
  127  13:14  Supply Depot  
  127  13:15  Supply Depot, SCV x4  
  131  13:20  Marine x5  
  131  13:21  Ghost x2, Marine x2  
  131  13:24  Siege Tank  
  131  13:26  Medivac x2  
  149  13:35  SCV  
  149  13:36  SCV  
  151  13:43  SCV  
  151  13:44  SCV, Refinery  
  151  13:46  Command Center  
  151  13:48  SCV  
  154  13:56  Supply Depot x2  
  154  14:14  SCV x2  
  154  14:15  Ghost x2, Marine x7  
  167  14:30  Liberator x2  
  167  14:33  Marine  
  170  14:42  Marine x4  
  170  14:44  Marine  
  177  14:45  Ghost  
  177  14:46  Ghost, Thor  
  177  14:49  Medivac  
  172  15:38  Marine x2  
  172  15:39  Ghost x2, Marine x2  
  172  15:41  Marine x2, Thor  
  183  15:43  Marine  
  183  15:44  SCV x3  
  183  15:45  Terran Infantry Armor Level 3, Terran Infantry Weapons Level 3  
  187  15:56  Marine  
  188  16:01  Marauder  
  136  16:21  Marine  
  136  16:22  Marine x2  
  136  16:25  Siege Tank  
  124  16:33  Marine x2  
  124  16:34  Marine x4  
  124  16:39  Marine x2  
  127  16:40  Marine  
  127  16:45  Raven  
  132  16:47  Marine  
  132  16:48  Marine x3  
  132  16:51  SCV x2, Marine x3  
  132  16:52  Marine x3  
  143  16:57  Marine x3  
  145  17:14  Marauder x3  
  142  17:32  Liberator x2  
  142  17:35  Marauder  
  118  17:47  Marine x4  
  118  17:48  Marauder x2  
  118  17:49  Siege Tank  
  118  17:51  SCV x2  
  137  17:56  Medivac, Marauder  
  141  18:01  Marine  
  141  18:02  Marine  
  141  18:03  SCV x2  
  141  18:05  Marine x2  
  147  18:09  Factory  
  147  18:11  Factory  
  147  18:13  Smart Servos  
  147  18:19  Factory  
  147  18:20  Factory x2  
  147  18:21  Siege Tank  
  147  18:22  Factory  
  147  18:23  Marine, Marauder  
  147  18:24  Marine x4, Marauder x2  
  147  18:26  Medivac  
  114  18:53  Siege Tank  
  114  18:54  Marine x3  
  97  18:59  Ghost x3  
  97  19:01  Marine x2  
  100  19:08  Factory Tech Lab x2, Factory Reactor x2  
  100  19:09  Factory Reactor  
  87  19:25  Siege Tank, Marine x3  
  87  19:26  Marine x3  
  87  19:27  Planetary Fortress, SCV x2  
  87  19:28  Ghost x2, Marine  
  103  19:33  Neosteel Armor, Hi-Sec Auto Tracking  
  101  19:40  Nuke  
  101  19:42  Factory Reactor  
  101  19:45  Marine x3  
  102  19:46  Ghost, Marine x3  
  102  19:48  Hellion x3  
  102  19:49  SCV x2  
  102  19:50  SCV  
  118  19:56  Ghost  
  118  19:57  Marine, Widow Mine, Hellion x4  
  118  19:58  Hellion  
  133  20:03  SCV, Marine x2  
  136  20:09  Hellion x3  
  142  20:18  Hellion x3  
  142  20:20  SCV  
  142  20:21  SCV x2  
  151  20:36  SCV x3  
  151  20:38  Command Center  
  151  20:40  Hellion x3, Command Center  
  142  21:04  Hellion x10  
  146  21:07  Marine x4  
  164  21:14  Medivac  
  164  21:15  Medivac  
  168  21:19  SCV  
  168  21:20  Hellion  
  169  21:44  Refinery, Marine x3  
  169  21:46  Refinery, Hellion x2  
  138  22:34  SCV x2  
  138  22:35  SCV  
  138  22:36  Hellion x5  
  115  23:25  SCV  
  108  23:32  Siege Tank x3  
  108  23:33  Ghost x3  
  114  24:01  Ghost  
  114  24:02  Ghost  
Tags
 
Add a new tag
Caveats
  • Supply blocks, unpowered buildings, or Contaminate may cause inaccurate times.
  • Supply counts are checked every 10 seconds.